 Dungeon Crawl Stone Soup version 0.30-a0-779-g7971cf19c3 (webtiles) character file.

Game seed: 9036232726940287495

395 jimonade the Cudgeller (level 6, -1/62 HPs)
             Began as an Ogre Gladiator on Feb 17, 2023.
             Was an Initiate of Okawaru.
             Killed by nerve-wracking pain
             ... invoked by an orc priest
              (5 damage)
             ... on level 4 of the Dungeon.
             The game lasted 00:07:52 (3301 turns).

jimonade the Cudgeller (Ogre Gladiator)             Turns: 3301, Time: 00:07:53

Health: -1/62      AC:  7    Str: 25    XL:     6   Next: 82%
Magic:  6/6        EV: 10    Int: 11    God:    Okawaru [......]
Gold:   245        SH:  0    Dex: 10    Spells: 5/5 levels left

rFire   . . .      SeeInvis +    a - +0 flail
rCold   . . .      Faith    .    (no shield)
rNeg    + . .      Spirit   .    r - +0 robe {rN+}
rPois   .          Reflect  .    c - +0 hat
rElec   .          Harm     .    (no cloak)
rCorr   .          Rampage  .    (gloves unavailable)
Will    .....                    (boots unavailable)
Stlth   ++                       A - amulet of the acrobat
HPRegen 0.30/turn                h - +4 ring of protection
MPRegen 0.10/turn                w - ring "Sogis" {Str+6 SInv Stlth+}

@: no status effects
A: large, unfitting armour, tough skin 1
a: Renounce Religion


You were on level 4 of the Dungeon.
You worshipped Okawaru.
Okawaru was noncommittal.
You visited 1 branch of the dungeon, and saw 4 of its levels.

You collected 245 gold pieces.

Inventory:

Hand Weapons
 a - a +0 flail (weapon)
 s - a +0 quarterstaff
 t - a +0 scythe
Missiles
 d - 3 throwing nets (quivered)
 e - a large rock
 k - 42 stones
 l - 2 boomerangs
Armour
 b - a +0 robe
 c - a +0 hat (worn)
 r - a +0 robe of positive energy (worn)
 v - the +0 robe "Xaebb" {-Tele rElec Str+5}
   (You found it on level 2 of the Dungeon)

   Str:       It affects your strength (+5).
   rElec:     It insulates you from electricity.
   -Tele:     It prevents most forms of teleportation.
Jewellery
 h - a +4 ring of protection (left hand)
 w - the ring "Sogis" (right hand) {Str+6 SInv Stlth+}
   (You acquired it on level 3 of the Dungeon)

   [ring of strength]

   Str:       It affects your strength (+6).
   SInv:      It lets you see invisible.
   Stlth:     It makes you more stealthy.
 A - an amulet of the acrobat (around neck)
Scrolls
 f - a scroll of identify
 g - a scroll of vulnerability
 m - a scroll of torment {unknown}
 o - 2 scrolls of teleportation
 x - a scroll of brand weapon {unknown}
 y - a scroll of enchant armour {unknown}
 B - a scroll of blinking {unknown}
Potions
 i - 2 potions of curing
 j - 2 potions of resistance {unknown}
 n - a potion of heal wounds {unknown}
 p - a potion of haste {unknown}
 q - a potion of mutation {unknown}
 u - a potion of cancellation {unknown}
 z - 3 potions of attraction
 C - 2 potions of degeneration {unknown}


   Skills:
 + Level 4.0 Fighting
 * Level 5.8 Maces & Flails
 + Level 2.1 Throwing
 + Level 3.5 Dodging
 + Level 0.8 Stealth


You had 5 spell levels left.
You didn't know any spells.
Your spell library was empty.

Dungeon Overview and Level Annotations

Branches:
Dungeon (4/15)
 Temple: D:4-7

Altars:
Gozag
Okawaru
Zin


Innate Abilities, Weirdness & Mutations

You are too large for most types of armour.
You have tough skin. (AC +1)


Message History

You sock the orc priest!
The orc priest is severely wounded.
The orc hits you with a +0 hand axe.
The orc priest begins to cast a cantrip, but forgets the words!
The orc hits you with a +0 hand axe.
The orc priest hits you with a +0 dagger.
You hit the orc priest.
The orc priest is almost dead.
The orc priest looks braver for a moment.
The orc hits you but does no damage.
The orc priest miscasts a cantrip.
You hit the orc priest but do no damage.
The orc priest is almost dead.
The orc priest invokes the aid of Beogh against you.
Beogh smites you! The orc hits you but does no damage.
The orc priest closely misses you.
You barely miss the orc priest.
The orc priest is almost dead.
The orc hits you with a +0 hand axe. The orc priest closely misses you.
You thump the orc priest!
You kill the orc priest!
Okawaru accepts your kill.
The orc priest invokes the aid of Beogh against you.
Beogh smites you!
* * * LOW HITPOINT WARNING * * *
The orc hits you with a +0 hand axe.
* * * LOW HITPOINT WARNING * * *
You closely miss the orc. The orc closely misses you.
You barely miss the orc priest. The orc priest hits you with a +0 whip.
* * * LOW HITPOINT WARNING * * *
The orc hits you with a +0 hand axe.
* * * LOW HITPOINT WARNING * * *
You closely miss the orc priest. The orc barely misses you.
The orc priest hits you with a +0 whip.
* * * LOW HITPOINT WARNING * * *
You hit the orc priest.
The orc priest is lightly wounded.
The orc priest calls down the wrath of Beogh upon you.
Pain shoots through your body!
You die...

... #......#....... ...
#......#....... #....
#......#....... ###....
#####.....##......
.......##..#########.[##..
..................##..##..
................##'###..
... #.................
####'##@................
#....ooo.#########......
.......##..##.....##......
.......######......'...#..
.##....#..........##...###
#.....#..........†###.#
#....###.###.##...# ###
##... ### ######## ....


You could see an orc priest and 2 orcs.

Vanquished Creatures
  Sigmund (D:2)
  3 orc priests
  Jessica (D:3)
  Terence (D:3)
  2 gnolls (D:4)
  An adder (D:2)
  2 dart slugs
  6 orcs
  5 endoplasms
  7 giant cockroaches
  9 goblins
  6 hobgoblins
  6 jackals
  4 kobolds
  2 quokkas (D:2)
  6 ball pythons
  5 bats
  A frilled lizard (D:2)
  A rat (D:3)
69 creatures vanquished.

Notes
Turn   | Place    | Note
-------+----------+-------------------------------------------
     0 | D:1      | jimonade the Ogre Gladiator began the quest for the Orb.
     0 | D:1      | Reached XP level 1. HP: 22/22 MP: 1/1
    85 | D:1      | Reached skill level 3 in Maces & Flails
   154 | D:1      | Reached XP level 2. HP: 23/29 MP: 2/2
   355 | D:1      | Reached XP level 3. HP: 36/37 MP: 3/3
   879 | D:2      | Noticed Sigmund
   900 | D:2      | Killed Sigmund
   901 | D:2      | Reached skill level 4 in Maces & Flails
   901 | D:2      | Reached XP level 4. HP: 16/48 MP: 4/4
   901 | D:2      | Reached XP level 5. HP: 18/54 MP: 5/5
  1298 | D:2      | Identified the +0 robe "Xaebb" {-Tele rElec Str+5}
  1530 | D:2      | Found a faded altar of an unknown god.
  1985 | D:3      | Reached skill level 5 in Maces & Flails
  1985 | D:3      | Reached XP level 6. HP: 44/62 MP: 6/6
  2112 | D:3      | Noticed Jessica
  2285 | D:3      | Noticed Terence
  2316 | D:3      | Killed Terence
  2564 | D:3      | Killed Jessica
  2880 | D:3      | Found an opulent altar of Gozag.
  2880 | D:3      | Found a glowing silver altar of Zin.
  2999 | D:3      | Found an iron altar of Okawaru.
  3007 | D:3      | Became a worshipper of Warmaster Okawaru
  3012 | D:3      | Identified 2 scrolls of acquirement
  3012 | D:3      | Acquired 971 gold pieces
  3013 | D:3      | Acquired the ring "Sogis" {Str+6 SInv Stlth+}
  3301 | D:4      | Killed from afar by an orc priest

Illustrated notes

Levels and vault maps discovered:
D:1:      ncdulo_lavacross, layout_rooms, minmay_misc_feat_iff
D:2:      layout_loops_ring, shapermc_ecumenical_altar_venn, hex_medium,
          grunt_ministairs_11, minmay_crystal_water,
          chequers_serial_rivers_micro_a, minmay_pentomino_t2, uniq_sigmund
D:3:      layout_basic, grunt_temple_overflow_gold_and_silver,
          lemuel_round_altar, uniq_terence, uniq_jessica
D:4:      layout_gridville, minmay_temple_entry_proselytizer,
          biasface_ghost_orc_armoury

Skill      XL: |  1  2  3  4  5  6 |
---------------+-------------------+-----
Maces & Flails | 3 4 5 |  5.8
Fighting       | 3 4 |  4.0
Dodging        | 3 |  3.5
Throwing       | |  2.1
Stealth        | |  0.8

Action                     |  1- 3 |  4- 6 || total
---------------------------+-------+-------++-------
  Melee: Flail             |   132 |   130 ||   262
  Throw: Throwing net      |       |     6 ||     6
    Use: Scroll            |       |     7 ||     7
   Stab: Sleeping          |       |     2 ||     2
 Armour: Robe              |    61 |    42 ||   103
  Dodge: Dodged            |   102 |    74 ||   176

Table legend: (Time is in decaauts)
 A = Elapsed time spent in this place.
 B = Non-inter-level travel time spent in this place.
 C = Inter-level travel time spent in this place.
 D = Time resting spent in this place.
 E = Time spent auto-exploring this place.
 F = Levels seen in this place.
 G = Mean time per level.
                   A        B        C        D        E       F      G
               +--------+--------+--------+--------+--------+-----+--------+
         Total |   3355 |   3265 |     90 |     67 |   2295 |   4 |  838.8 |
       Dungeon |   3355 |   3265 |     90 |     67 |   2295 |   4 |  838.8 |
               +--------+--------+--------+--------+--------+-----+--------+

Top non-repeatable levels by time:
     D:2: 1245 daAuts
     D:3: 1142 daAuts
     D:1: 704 daAuts
     D:4: 262 daAuts
